 Dungeon Crawl Stone Soup version 0.23.2-1-ga50397a6bc (webtiles) character file.

Game seed: 3694706298940112315

103 Gargoyl the Skirmisher (level 4, -1/38 HPs)
             Began as a Centaur Abyssal Knight on May 6, 2019.
             Was a Follower of Lugonu.
             Slain by a gnoll
             ... wielding a +0 halberd
              (9 damage)
             ... on level 2 of the Dungeon.
             The game lasted 00:02:40 (2207 turns).

Gargoyl the Skirmisher (Centaur Abyssal Knight)     Turns: 2207, Time: 00:02:41

Health: -1/38      AC:  6    Str: 15    XL:     4   Next: 51%
Magic:  5/5        EV:  8    Int: 11    God:    Lugonu [*.....]
Gold:   64         SH:  2    Dex:  9    Spells: 3/3 levels left

rFire    . . .     SeeInvis .   a - +2 hand axe
rCold    . . .     Gourm    .   (no shield)
rNeg     . . .     Faith    .   f - +0 ring mail
rPois    .         Spirit   .   (no helmet)
rElec    .         Reflect  +   (no cloak)
rCorr    .         Harm     .   (no gloves)
MR       .....                  (no barding)
Stlth    ..........             g - +2 amulet of reflection (curse)
HPRegen  0.12/turn              (no ring)
MPRegen  0.09/turn              (no ring)

@: very quick
A: large, hooves 3, deformed body, speed 2, tough skin 3
a: Depart the Abyss, Renounce Religion


You were on level 2 of the Dungeon.
You worshipped Lugonu.
Lugonu was aware of your devotion.
You were not hungry.

You visited 1 branch of the dungeon, and saw 3 of its levels.
You visited the Abyss 1 time.

You collected 64 gold pieces.

Inventory:

Hand Weapons
 a - a +2 hand axe (weapon)
Armour
 f - a +0 ring mail (worn)
Jewellery
 g - a cursed +2 amulet of reflection (around neck)
Scrolls
 b - a scroll of remove curse {unknown}
 d - a scroll of identify
 h - a scroll of random uselessness {unknown}
 i - a scroll of teleportation
 j - a scroll of noise {unknown}
Potions
 e - a potion of invisibility {unknown}
Comestibles
 c - 2 rations


   Skills:
 + Level 3.5 Fighting
 + Level 2.5 Axes
 * Level 2.2 Armour
 * Level 1.2 Dodging
 * Level 2.6 Invocations


You had 3 spell levels left.
You didn't know any spells.
Your spell library was empty.

Dungeon Overview and Level Annotations

Branches:
Dungeon (3/15)

Altars:
Elyvilon


Innate Abilities, Weirdness & Mutations

You have hooves in place of feet.
Armour fits poorly on your strangely shaped body.
You cover ground very quickly.
You have extremely tough skin. (AC +3)


Message History

Things that are here:
a +0 halberd of protection; a gnoll skeleton
There is a stone staircase leading up here.
You start waiting.
Eating a chunk of flesh.
You eat the chunk of flesh.
This raw flesh tastes terrible.
Done waiting.
You climb upwards.
The gnoll hits you from afar with a +0 halberd.
The gnoll hits you but does no damage.
There is a stone staircase leading down here.
The gnoll hits you with a +0 halberd!
You hit the gnoll.
The gnoll is moderately wounded.
You slash the gnoll! The gnoll completely misses you.
The gnoll hits you with a +0 halberd!
* * * LOW HITPOINT WARNING * * *
You closely miss the gnoll. Your kick misses the gnoll.
The gnoll is moderately wounded.
You hit the gnoll. The gnoll hits you with a +0 halberd!
You die...

####.....# ##...## ##g##
#.# #.# #.# #.# #.#
##'## #.# ##...## # #.##
##g....## # #..##
##.@g....##
#######...####.>.......#
....)........'.........+
####.##...#.##.........#
# #.###.##.###.......##
# #.# #.##.# ##.....## #
#.###.##.# ##...## #
#........# ##+## #
#####.####


You could see 2 gnolls.

Vanquished Creatures
  A gnoll shaman (D:3)
  3 gnolls (D:3)
  An ooze (D:1)
  2 worms (D:2)
  A dart slug (D:1)
  A leopard gecko (D:2)
  5 bats
  2 giant cockroaches (D:2)
  3 goblins
  3 hobgoblins
  5 jackals (D:1)
  2 frilled lizards (D:1)
  2 kobolds (D:1)
  3 rats
34 creatures vanquished.

Notes
Turn   | Place    | Note
-------+----------+-------------------------------------------
     0 | Abyss:1  | Gargoyl the Centaur Abyssal Knight began the quest for the
                  | Orb.
     0 | Abyss:1  | Reached XP level 1. HP: 19/19 MP: 2/2
    52 | Abyss:1  | Found a corrupted altar of Lugonu.
    69 | Abyss:1  | Noticed a thrashing horror
    70 | D:1      | Escaped the Abyss
    82 | D:1      | Reached * piety under Lugonu
    88 | D:1      | Reached XP level 2. HP: 23/26 MP: 3/3
   116 | D:1      | Reached skill level 1 in Dodging
   785 | D:1      | Reached XP level 3. HP: 31/31 MP: 4/4
   907 | D:2      | Found a white marble altar of Elyvilon.
  1436 | D:3      | Reached XP level 4. HP: 27/38 MP: 5/5
  2207 | D:2      | Slain by a gnoll

Skill      XL: |  1  2  3 |
---------------+----------+-----
Dodging        | 1 |  1.2
Axes           | 2 |  2.5
Armour         | 2 |  2.2
Fighting       | |  3.5
Invocations    | |  2.6

Action                   |  1- 3 |  4- 6 || total
-------------------------+-------+-------++-------
Melee: Hand axe          |    72 |    21 ||    93
       Kick              |    14 |     4 ||    18
Invok: Depart the Abyss  |     1 |       ||     1
  Use: Scroll            |     3 |       ||     3
  Eat: Chunk             |       |     3 ||     3
Armor: Ring mail         |    48 |     4 ||    52
Dodge: Dodged            |    49 |    17 ||    66
Block: Other             |     2 |     4 ||     6
